PAAA
HOUSTON BC @ GRYFINDOR BRAVES
07/12/2028
 
TOP OF THE 1ST
Houston BC batting - Pitching for Gryfindor Braves : RHP Frank Veeck
Pitching: RHP Frank Veeck
Batting: RHB Habbo Allaart 0-0: Swinging Strike
0-1: Foul Ball, location: 2F
0-2: Strikes out looking
Batting: LHB Stefan Vanderhoof 0-0: Called Strike
0-1: Ball
1-1: Ball
2-1: Ball
3-1: Base on Balls
Batting: LHB Enrique Sánchez 0-0: Foul Ball, location: 2F
0-1: Ball
1-1: Ball
2-1: Fly out, F5 (Line Drive, 5)
Batting: RHB Jesús Villalba 0-0: Ball
1-0: Ball
2-0: Called Strike
2-1: Ball
3-1: Foul Ball, location: 2F
3-2: Foul Ball, location: 2F
3-2: Base on Balls
Stefan Vanderhoof to second
Batting: RHB Orlando Padilla 0-0: Foul Ball, location: 2F
0-1: Foul Ball, location: 2F
0-2: Ball
1-2: Strikes out swinging
Top of the 1st over - 0 run(s), 0 hit(s), 0 error(s), 2 left on base; Houston 0 - Gryfindor 0
BOTTOM OF THE 1ST
Gryfindor Braves batting - Pitching for Houston BC : RHP Lester Sullivan
Pitching: RHP Lester Sullivan
Batting: LHB Brent van Schoonhoven 0-0: DOUBLE (Groundball, 3L)
Batting: RHB Roy Herring 0-0: Called Strike
0-1: Swinging Strike
0-2: Ball
1-2: Ball
2-2: Strikes out swinging
Batting: LHB Ignacio Medine 0-0: Ground out 3-1 (Groundball, 34S)
Brent van Schoonhoven to third
Batting: SHB Félix Cruz 0-0: Foul Ball, location: 2F
0-1: Ball
1-1: Called Strike
1-2: Strikes out swinging
Bottom of the 1st over - 0 run(s), 1 hit(s), 0 error(s), 1 left on base; Houston 0 - Gryfindor 0
TOP OF THE 2ND
Houston BC batting - Pitching for Gryfindor Braves : RHP Frank Veeck
Batting: RHB José Muńóz 0-0: Called Strike
0-1: Fly out, F8 (Flyball, 8RD)
Batting: RHB Dennis Morrow 0-0: Called Strike
0-1: Ball
1-1: Swinging Strike
1-2: Ball
2-2: Foul Ball, location: 2F
2-2: Foul Ball, location: 2F
2-2: Foul Ball, location: 2F
2-2: Foul Ball, location: 2F
2-2: Ball
3-2: Foul Ball, location: 2F
3-2: Base on Balls
Batting: RHB Alfredo Mojica 0-0: Ball
1-0: Ball
2-0: Ball
3-0: Base on Balls
Dennis Morrow to second
Batting: RHB Ismael Sandoval 0-0: SINGLE (Line Drive, 56)
Dennis Morrow to third
Alfredo Mojica to second
Runner from 3rd tries for Home, SAFE, throw made at trailing runner, OUT at third!
Batting: RHB Habbo Allaart 0-0: Ball
1-0: Foul Ball, location: 2F
1-1: Swinging Strike
1-2: Ball
Pickoff Throw to First - Error! E1
Ismael Sandoval to second
2-2: Strikes out swinging
Top of the 2nd over - 1 run(s), 1 hit(s), 1 error(s), 1 left on base; Houston 1 - Gryfindor 0
BOTTOM OF THE 2ND
Gryfindor Braves batting - Pitching for Houston BC : RHP Lester Sullivan
Batting: RHB Ed Whitaker 0-0: Ball
1-0: Foul Ball, location: 2F
1-1: Ball
2-1: Foul Ball, location: 2F
2-2: Ball
3-2: Foul Ball, location: 2F
3-2: Base on Balls
Batting: LHB Ken Watanabe 0-0: Ball
1-0: Ball
2-0: Fly out, F8 (Flyball, 8RD)
Batting: RHB Gonzalo Ángel 0-0: Ball
1-0: Called Strike
1-1: Ground out 5-3 (Groundball, 56S)
Ed Whitaker to second
Batting: RHB Ernesto Souza 0-0: Ball
1-0: Ball
2-0: Ball
3-0: Called Strike
3-1: Foul Ball, location: 2F
3-2: Strikes out looking
Bottom of the 2nd over - 0 run(s), 0 hit(s), 0 error(s), 1 left on base; Houston 1 - Gryfindor 0
TOP OF THE 3RD
Houston BC batting - Pitching for Gryfindor Braves : RHP Frank Veeck
Batting: LHB Stefan Vanderhoof 0-0: Ball
1-0: Ground out 4-3 (Groundball, 4)
Batting: LHB Enrique Sánchez 0-0: Ball
1-0: Ball
2-0: Ball
3-0: Base on Balls
Batting: RHB Jesús Villalba 0-0: Foul Ball, location: 2F
0-1: Ball
1-1: Swinging Strike
1-2: Foul Ball, location: 2F
1-2: SINGLE (Line Drive, 7S)
Enrique Sánchez to second
Batting: RHB Orlando Padilla 0-0: Swinging Strike
0-1: Ball
1-1: Called Strike
1-2: Strikes out looking
Batting: RHB José Muńóz 0-0: Ball
1-0: Ball
2-0: Ball
3-0: Called Strike
3-1: Fly out, F7 (Flyball, 7S)
Top of the 3rd over - 0 run(s), 1 hit(s), 0 error(s), 2 left on base; Houston 1 - Gryfindor 0
BOTTOM OF THE 3RD
Gryfindor Braves batting - Pitching for Houston BC : RHP Lester Sullivan
Batting: LHB William Wise 0-0: Called Strike
0-1: Fly out, F9 (Flyball, 9D)
Batting: LHB Brent van Schoonhoven 0-0: Called Strike
0-1: Reached on error, E4 (Groundball, 4)
Batting: RHB Roy Herring 0-0: Called Strike
0-1: Grounds into double play, 1-4-3 (Groundball, 15)
Bottom of the 3rd over - 0 run(s), 0 hit(s), 1 error(s), 0 left on base; Houston 1 - Gryfindor 0
TOP OF THE 4TH
Houston BC batting - Pitching for Gryfindor Braves : RHP Frank Veeck
Batting: RHB Dennis Morrow 0-0: Ball
1-0: Swinging Strike
1-1: Swinging Strike
1-2: Ball
2-2: Ball
3-2: Base on Balls
Batting: RHB Alfredo Mojica 0-0: Called Strike
0-1: Swinging Strike
0-2: Ball
1-2: DOUBLE (Line Drive, 7LD)
Dennis Morrow to third
Runner from 3rd tries for Home, SAFE, throw made at trailing runner, OUT at third!
Batting: RHB Ismael Sandoval 0-0: Foul Ball, location: 2F
0-1: Ball
1-1: Foul Ball, location: 2F
1-2: Strikes out looking
Batting: RHB Habbo Allaart 0-0: Swinging Strike
0-1: Ball
1-1: Ball
2-1: Foul Ball, location: 2F
2-2: Strikes out swinging
Top of the 4th over - 1 run(s), 1 hit(s), 0 error(s), 0 left on base; Houston 2 - Gryfindor 0
BOTTOM OF THE 4TH
Gryfindor Braves batting - Pitching for Houston BC : RHP Lester Sullivan
Batting: LHB Ignacio Medine 0-0: Ball
1-0: Ball
2-0: Ball
3-0: Called Strike
3-1: Base on Balls
Batting: SHB Félix Cruz 0-0: Ball
1-0: Swinging Strike
1-1: Ball
2-1: Ball
3-1: SINGLE (Line Drive, 6D)
Ignacio Medine to second
Batting: RHB Ed Whitaker 0-0: Called Strike
0-1: Ball
1-1: Swinging Strike
1-2: Foul Ball, location: 2F
1-2: Ball
2-2: Foul Ball, location: 2F
2-2: Foul Ball, location: 2F
2-2: Fly out, F7 (Flyball, 7D)
Runner from 2nd tags up, SAFE at 3rd, no throw
Batting: LHB Ken Watanabe 0-0: Foul Ball, location: 2F
0-1: Swinging Strike
0-2: Ball
1-2: Foul Ball, location: 2F
1-2: Fielders Choice at 2nd, 6-4 (Groundball, 6M)
Ignacio Medine scores
Batting: RHB Gonzalo Ángel 0-0: Ball
1-0: Swinging Strike
1-1: Called Strike
1-2: Foul Ball, location: 2F
1-2: DOUBLE (Line Drive, 78XD)
Ken Watanabe to third
Batting: RHB Ernesto Souza 0-0: Ball
1-0: Ball
2-0: Foul Ball, location: 2F
2-1: SINGLE (Line Drive, 6MD)
Ken Watanabe scores
Gonzalo Ángel to third
Batting: LHB William Wise 0-0: Called Strike
0-1: Foul Ball, location: 2F
0-2: Fly out, F6 (Popup, 6D)
Bottom of the 4th over - 2 run(s), 3 hit(s), 0 error(s), 2 left on base; Houston 2 - Gryfindor 2
TOP OF THE 5TH
Houston BC batting - Pitching for Gryfindor Braves : RHP Frank Veeck
Batting: LHB Stefan Vanderhoof 0-0: Ball
1-0: Ball
2-0: Ball
3-0: Base on Balls
Batting: LHB Enrique Sánchez 0-0: Foul Ball, location: 2F
0-1: Called Strike
0-2: Foul Ball, location: 2F
0-2: Ball
1-2: Grounds into double play, 6-4-3 (Groundball, 56)
Batting: RHB Jesús Villalba 0-0: Ball
1-0: Ball
2-0: Foul Ball, location: 2F
2-1: Ball
3-1: Called Strike
3-2: Ground out 5-3 (Groundball, 56S)
Top of the 5th over - 0 run(s), 0 hit(s), 0 error(s), 0 left on base; Houston 2 - Gryfindor 2
BOTTOM OF THE 5TH
Gryfindor Braves batting - Pitching for Houston BC : RHP Lester Sullivan
Batting: LHB Brent van Schoonhoven 0-0: Ball
1-0: Called Strike
1-1: Ground out U3 (Groundball, 3)
Batting: RHB Roy Herring 0-0: Ground out 6-3 (Groundball, 6)
Batting: LHB Ignacio Medine 0-0: Called Strike
0-1: Ball
1-1: Ball
2-1: Called Strike
2-2: Fly out, F3 (Line Drive, 34)
Bottom of the 5th over - 0 run(s), 0 hit(s), 0 error(s), 0 left on base; Houston 2 - Gryfindor 2
TOP OF THE 6TH
Houston BC batting - Pitching for Gryfindor Braves : RHP Frank Veeck
Batting: RHB Orlando Padilla 0-0: Fly out, F6 (Line Drive, 6S)
Batting: RHB José Muńóz 0-0: Called Strike
0-1: Reached on error, E1 (Groundball, 15)
Pitching: RHP Rodrigo Torres
Batting: RHB Dennis Morrow 0-0: Ball
1-0: Called Strike
1-1: Called Strike
1-2: Ball
2-2: Foul Ball, location: 2F
2-2: Strikes out swinging
Batting: RHB Alfredo Mojica 0-0: Ball
1-0: Ball
2-0: Foul Ball, location: 2F
2-1: Ball
3-1: Fly out, F9 (Flyball, 9)
Top of the 6th over - 0 run(s), 0 hit(s), 1 error(s), 1 left on base; Houston 2 - Gryfindor 2
BOTTOM OF THE 6TH
Gryfindor Braves batting - Pitching for Houston BC : RHP Lester Sullivan
Batting: SHB Félix Cruz 0-0: Ball
1-0: Called Strike
1-1: Foul Ball, location: 2F
1-2: Ball
2-2: Foul Ball, location: 2F
2-2: Ball
3-2: Base on Balls
Batting: RHB Ed Whitaker 0-0: Fly out, F7 (Flyball, 7S)
Batting: LHB Ken Watanabe 0-0: Ball
1-0: Ball
2-0: Fly out, F8 (Flyball, 89M)
Batting: RHB Gonzalo Ángel 0-0: Swinging Strike
0-1: Ball
1-1: Swinging Strike
1-2: Fly out, F8 (Flyball, 8LM)
Bottom of the 6th over - 0 run(s), 0 hit(s), 0 error(s), 1 left on base; Houston 2 - Gryfindor 2
TOP OF THE 7TH
Houston BC batting - Pitching for Gryfindor Braves : RHP Rodrigo Torres
Pinch Hitting: RHB Joseph Gray 0-0: SINGLE (Groundball, 4D)
Batting: RHB Habbo Allaart 0-0: Sac Bunt - play at first, batter OUT! 1-4
Joseph Gray to second
Batting: LHB Stefan Vanderhoof 0-0: Fly out, F8 (Flyball, 8LM)
Batting: LHB Enrique Sánchez 0-0: Called Strike
0-1: Called Strike
0-2: Ball
1-2: Foul Ball, location: 2F
1-2: Ball
2-2: Ball
3-2: Base on Balls
Batting: RHB Jesús Villalba 0-0: Swinging Strike
0-1: Ball
1-1: Called Strike
1-2: Strikes out swinging
Top of the 7th over - 0 run(s), 1 hit(s), 0 error(s), 2 left on base; Houston 2 - Gryfindor 2
BOTTOM OF THE 7TH
Gryfindor Braves batting - Pitching for Houston BC : RHP Lester Sullivan
Now at SS: Joseph Gray
Batting: RHB Ernesto Souza 0-0: Called Strike
0-1: Foul Ball, location: 2F
0-2: Ground out 5-3 (Groundball, 56)
Batting: LHB William Wise 0-0: Ball
1-0: Ball
2-0: Called Strike
2-1: Foul Ball, location: 2F
2-2: Foul Ball, location: 2F
2-2: SINGLE (Line Drive, 9S)
Batting: LHB Brent van Schoonhoven 0-0: Ball
1-0: Called Strike
1-1: Grounds into double play, 4-6-3 (Groundball, 4)
Bottom of the 7th over - 0 run(s), 1 hit(s), 0 error(s), 0 left on base; Houston 2 - Gryfindor 2
TOP OF THE 8TH
Houston BC batting - Pitching for Gryfindor Braves : RHP Rodrigo Torres
Batting: RHB Orlando Padilla 0-0: Called Strike
0-1: Fly out, F5 (Line Drive, 5)
Batting: RHB José Muńóz 0-0: Called Strike
0-1: DOUBLE (Line Drive, 7LD)
Batting: RHB Dennis Morrow 0-0: Called Strike
0-1: Swinging Strike
0-2: Foul Ball, location: 2F
0-2: Foul Ball, location: 2F
0-2: Ball
1-2: Single, Error in OF, E8, batter to second base
José Muńóz scores
Batting: RHB Alfredo Mojica 0-0: Ball
1-0: Swinging Strike
1-1: SINGLE (Line Drive, 5D)
Dennis Morrow to third
Batting: RHB Joseph Gray 0-0: Called Strike
0-1: Called Strike
0-2: Foul Ball, location: 2F
0-2: Strikes out swinging
Batting: RHB Habbo Allaart 0-0: Swinging Strike
0-1: Called Strike
0-2: Fielders Choice at 2nd, 5-4 (Groundball, 56)
Top of the 8th over - 1 run(s), 3 hit(s), 1 error(s), 1 left on base; Houston 3 - Gryfindor 2
BOTTOM OF THE 8TH
Gryfindor Braves batting - Pitching for Houston BC : RHP Lester Sullivan
Batting: RHB Roy Herring 0-0: Ball
1-0: Fly out, F4 (Line Drive, 4D)
Batting: LHB Ignacio Medine 0-0: Ball
1-0: Called Strike
1-1: Foul Ball, location: 2F
1-2: DOUBLE (Flyball, 9LD)
Batting: SHB Félix Cruz 0-0: Foul Ball, location: 2F
0-1: Foul Ball, location: 2F
0-2: Ball
1-2: Ground out 4-3 (Groundball, 4)
Ignacio Medine to third
Pinch Hitting: LHB John Brewer 0-0: Hit by Pitch
Pitching: RHP Dan Hobbs
Batting: LHB Ken Watanabe 0-0: Fly out, F7 (Flyball, 78D)
Bottom of the 8th over - 0 run(s), 1 hit(s), 0 error(s), 2 left on base; Houston 3 - Gryfindor 2
TOP OF THE 9TH
Houston BC batting - Pitching for Gryfindor Braves : RHP Rodrigo Torres
Pitching: RHP Biff Tannen
Now at SS: Emílio Gonzáles
Batting: LHB Stefan Vanderhoof 0-0: Ball
1-0: Swinging Strike
1-1: Swinging Strike
1-2: Strikes out swinging
Batting: LHB Enrique Sánchez 0-0: Called Strike
0-1: Called Strike
0-2: Strikes out swinging
Batting: RHB Jesús Villalba 0-0: Ball
1-0: Called Strike
1-1: Ground out 6-3 (Groundball, 6)
Top of the 9th over - 0 run(s), 0 hit(s), 0 error(s), 0 left on base; Houston 3 - Gryfindor 2
BOTTOM OF THE 9TH
Gryfindor Braves batting - Pitching for Houston BC : RHP Dan Hobbs
Pitching: RHP Arnout Els
Batting: RHB Gonzalo Ángel 0-0: Ball
1-0: Swinging Strike
1-1: Ground out 6-3 (Groundball, 56)
Batting: RHB Ernesto Souza 0-0: Ball
1-0: Foul Ball, location: 2F
1-1: Foul Ball, location: 2F
1-2: Ball
2-2: Ball
3-2: Base on Balls
Batting: LHB William Wise 0-0: Called Strike
0-1: Ball
1-1: Foul Ball, location: 2F
1-2: Foul Ball, location: 2F
1-2: Fly out, F4 (Flyball, 4MD)
Batting: LHB Brent van Schoonhoven 0-0: Fly out, F3 (Popup, 34S)
Bottom of the 9th over - 0 run(s), 0 hit(s), 0 error(s), 1 left on base; Houston 3 - Gryfindor 2
Tuesday, August 15th, 2017 - OOTP Baseball 17.12 Build 75